 Dungeon Sprint DCSS version 0.30-a0-964-gd452b5e7fa (webtiles) character file.

Game seed: 17635338136427884907

4214 Hubris850 the Bludgeoner (level 10, -14/88 HPs)
             Began as an Ogre Gladiator on Mar 30, 2023.
             Was a Priest of Nemelex Xobeh.
             Demolished by a purple draconian
             ... wielding a +0 battleaxe
              (16 damage)
             ... in the Dungeon (Sprint V: "Ziggurat Sprint").
             The game lasted 00:07:00 (460 turns).

Hubris850 the Bludgeoner (Ogre Gladiator)            Turns: 460, Time: 00:07:00

Health: -14/88     AC: 26    Str: 28    XL:     10   Next: 29%
Magic:  9/16       EV:  3    Int: 11    God:    Nemelex Xobeh [***...]
Gold:   0          SH:  0    Dex: 10    Spells: 9/9 levels left

rFire   + + +      SeeInvis .    J - +7 great mace "Firestarter" {flame, inner flame, rFlCloud rF++}
rCold   + . .      Faith    .    (shield currently unavailable)
rNeg    . . .      Spirit   .    l - +5 gold dragon scales
rPois   +          Reflect  .    c - +0 hat
rElec   .          Rampage  .    (no cloak)
rCorr   .          NoTele   +    (gloves unavailable)
Will    +....                    (boots unavailable) Stlth
                                 P - amulet of regeneration
HPRegen 1.14/turn                G - +6 ring of strength
MPRegen 0.15/turn                L - ring of the Tortoise {AC+8}

@: no status effects
A: large, unfitting armour, tough skin 1
a: Renounce Religion, Draw Escape, Draw Destruction, Draw Summoning, Triple Draw


You were in the Dungeon.
You worshipped Nemelex Xobeh.
Nemelex Xobeh was most pleased with you.
You visited 1 branch

Inventory:

Hand Weapons
 a - a +0 flail
 n - a +5 executioner's axe
 o - a +5 giant spiked club of freezing
 w - the +5 Lochaber axe {reach-cleave, Poleaxe Drain}
   (You found it in the Dungeon)

   Poleaxe:   It uses either Axes or Polearms skill, whichever is higher.
   Drain:     It drains your maximum health when unequipped.
 J - the +7 great mace "Firestarter" (weapon) {flame, inner flame, rFlCloud rF++}
   (You found it in the Dungeon)

   rFlCloud:  It grants immunity to clouds of flame.
   rF:        It greatly protects you from fire.
 K - the +6 shillelagh "Devastator" {shatter}
   (You found it in the Dungeon)
Missiles
 d - 3 throwing nets (quivered)
 e - a large rock
Armour
 b - a +0 robe
 c - a +0 hat (worn)
 l - +5 gold dragon scales (worn)
 m - a +3 tower shield
 I - the +18 shield of the Gong {Loud rN+ Will+ rCorr EV-5}
   (You found it in the Dungeon)

   Loud:      It is deafeningly noisy when blocking attacks.
   EV:        It affects your evasion (-5).
   rN:        It protects you from negative energy.
   rCorr:     It protects you from acid and corrosion.
   Will:      It increases your willpower.
Jewellery
 B - a ring of flight
 C - a +6 ring of dexterity
 D - a +6 ring of dexterity
 E - a +6 ring of intelligence
 F - a +6 ring of intelligence
 G - a +6 ring of strength (left hand)
 H - a +6 ring of strength
 L - the ring of the Tortoise (right hand) {AC+8}
   (You found it in the Dungeon)

   [ring of protection]

   AC:        It affects your AC (+8).
 N - a ring of protection from fire
 O - a +6 ring of intelligence
 P - an amulet of regeneration (around neck)
 Q - a ring of protection from fire
 R - a ring of willpower
 S - the ring of Noupheim {rF+ Str+3 Int+2}
   (You found it in the Dungeon)

   [ring of protection from fire]

   Str:       It affects your strength (+3).
   Int:       It affects your intelligence (+2).
   rF:        It protects you from fire.
 T - the ring "Xiap" {Fly rPois rC- rCorr Stlth+}
   (You found it in the Dungeon)

   [ring of flight]

   rC:        It makes you vulnerable to cold.
   rPois:     It protects you from poison.
   Fly:       It grants you flight.
   rCorr:     It protects you from acid and corrosion.
   Stlth:     It makes you more stealthy.
 U - a ring of see invisible
Wands
 y - a wand of mindburst (7)
 z - a wand of iceblast (7)
 A - a wand of quicksilver (7)
Scrolls
 k - 4 scrolls of blinking
 p - 4 scrolls of amnesia
 q - 7 scrolls of fog
 r - 5 scrolls of identify
 s - 2 scrolls of fear
Potions
 f - 10 potions of curing
 g - 10 potions of heal wounds
 h - 6 potions of haste
 i - 7 potions of magic
 j - 3 potions of berserk rage
 t - 2 potions of brilliance
 u - 2 potions of invisibility
 v - 4 potions of resistance
 x - 5 potions of might
Miscellaneous
 M - a condenser vane


   Skills:
 - Level 2.6 Fighting
 - Level 18.3 Maces & Flails
 - Level 2.0 Throwing
 - Level 2.6 Dodging
 + Level 8.9 Invocations
 - Level 8.3 Evocations


You had 9 spell levels left.
You didn't know any spells.
Your spell library contained the following spells:

 Spells                   Type           Power      Damage    Failure   Level
 Necrotise                Necr           0%         1d4       100%        1
 Cigotuvi's Dreadful Rot  Necr/Pois/Air  0%         N/A       100%        2
 Poisonous Vapours        Pois/Air       0%         N/A       100%        2
 Mephitic Cloud           Conj/Pois/Air  0%         N/A       100%        3
 Anguish                  Hex/Necr       0%         N/A       100%        4
 Leda's Liquefaction      Hex/Erth       0%         N/A       100%        4
 Petrify                  Tmut/Erth      0%         N/A       100%        4
 Fireball                 Conj/Fire      0%         3d3       100%        5
 Silence                  Hex/Air        0%         N/A       100%        5
 Statue Form              Tmut/Erth      0%         N/A       100%        6
 Haunt                    Necr/Summ      0%         N/A       100%        7
 Orb of Destruction       Conj           0%         9d5       100%        7
 Borgnjor's Revivificati  Necr           0%         N/A       100%        8


Dungeon Overview and Level Annotations

Branches:
Dungeon (1/1)

Altars:
Ashenzari
Cheibriados
Dithmenos
Elyvilon
Fedhas
Gozag
Hepliaklqana
Kikubaaqudgha
Makhleb
Nemelex Xobeh
Okawaru
Qazlal
Ru
Sif Muna
Trog
Uskayaw
Vehumet
Wu Jian
Xom
Yredelemnul
Zin
The Shining One
Jiyva
Lugonu

Annotations:
D 1 transporter


Innate Abilities, Weirdness & Mutations

You are too large for most types of armour.
You have tough skin. (AC +1)


Message History

The green draconian hits you but does no damage.
The green draconian tail-slaps you!
* * * LOW HITPOINT WARNING * * *
The draconian hits you with a +0 war axe.
* * * LOW HITPOINT WARNING * * *
The draconian hits you with a +0 flail.
* * * LOW HITPOINT WARNING * * *
Unknown command.
You bludgeon the yellow draconian!! You burn the yellow draconian!
The yellow draconian explodes!
The fiery explosion engulfs the draconian!!
The draconian is heavily wounded.
The fiery explosion engulfs the draconian!!!
The draconian is almost dead.
The fiery explosion engulfs you. You resist.
* * * LOW HITPOINT WARNING * * *
Your condenser vane has recharged.
Your Invocations skill gained 6 levels and is now at level 6!
You have reached level 10!
Unknown command.
The draconian hits you with a +0 mace!
* * * LOW HITPOINT WARNING * * *
The draconian is engulfed in blazing flames.
You kill the draconian!
Your Invocations skill gained 2 levels and is now at level 8!
You see here a +1 scimitar of freezing.
The purple draconian attacks as you move away!
The purple draconian hits you but does no damage.
The green draconian is engulfed in blazing flames.
The purple draconian is engulfed in blazing flames.
The draconian attacks as you move away!
The draconian hits you but does no damage.
The green draconian attacks as you move away!
The green draconian hits you with a +0 flail.
* * * LOW HITPOINT WARNING * * *
The green draconian tail-slaps you but does no damage.
The purple draconian is engulfed in blazing flames.
The purple draconian hits you with a +0 battleaxe!
You die...
Your body disappears without a glow.

▓........▓........▓
▓........▓........▓
▓.▓....▓.▓...)....▓
▓...©....▓...©....▓
▓▓▓▓▓▓▓▓▓▓▓▓▓▓▓▓▓▓▓
▓...8©8...▓..8©8..▓
▓.§§§§§§..▓..[)...▓
▓.○§§§§○..▓...)...▓
▓.§@§§.§..▓..)..†.▓
▓...d§....▓...)(..▓
▓..dddd...▓..)....▓
▓...§§....▓.....).▓
▓.▓.....▓.▓.▓...▓.▓
▓....©....▓...©...▓
▓▓▓▓▓▓▓▓▓▓▓▓▓▓▓▓▓▓▓
▓..8©8..▓ ▓...})..▓


You could see a green draconian, a purple draconian (poisoned) and 3 draconians.

Vanquished Creatures
  A yellow draconian (D)
  A draconian (D)
  A cyclops (D)
  A rime drake (D)
  2 komodo dragons (D)
  A wind drake (D)
  4 merfolk (D)
  A wyvern (D)
  2 yaks (D)
  A naga (D)
  2 floating eyes (D)
  An iron imp (D)
  3 jellies (D)
  An orc priest (D)
  An orc wizard (D)
  2 adders (D)
  An ufetubus (D)
  2 orcs (D)
  2 ball pythons (D)
  2 endoplasms (D)
32 creatures vanquished.

Notes
Turn   | Place    | Note
-------+----------+-------------------------------------------
     0 | D        | Hubris850 the Ogre Gladiator began the quest for the Orb.
     0 | D        | Reached XP level 1. HP: 22/22 MP: 1/1
    13 | D        | Found a blossoming altar of Fedhas.
    13 | D        | Found the +6 Majin-Bo {spellvamp, MP+6 Int+6}
    13 | D        | Found the +27 heavy crossbow "Sniper" {heavy, Acc+∞ SInv}
    13 | D        | Found the +10 dark maul {heavy}
    13 | D        | Found the +15 Maxwell's patent armour {-Cast -Tele rElec
                  | Will+ rCorr}
    13 | D        | Found the +18 shield of the Gong {Loud rN+ Will+ rCorr
                  | EV-5}
    13 | D        | Found the +16 obsidian axe {drain, demonic, Mesm Drain Fly
                  | SInv}
    13 | D        | Found the +7 great mace "Firestarter" {flame, inner flame,
                  | rFlCloud rF++}
    13 | D        | Found the +6 shillelagh "Devastator" {shatter}
    13 | D        | Found the +11 plutonium sword {Contam Stlth-}
    13 | D        | Found the +8 lance "Wyrmbane" {slay drac, rPois rF+ rC+
                  | AC+3}
    13 | D        | Found the +9 sword of Zonguldrok {reap}
    13 | D        | Found the +13 scythe of Curses {drain, curses, Drain}
    13 | D        | Found the +9 sword of Power {lifebolt}
    13 | D        | Found the +7 mace of Variability {chaos, chain chaos}
    13 | D        | Found the +11 Singing Sword {sonic wave}
    13 | D        | Found the +8 storm bow {elec, penet}
    15 | D        | Found a viscous altar of Jiyva.
    15 | D        | Found a hazy altar of Hepliaklqana.
    15 | D        | Found a transporter.
    15 | D        | Found an opulent altar of Gozag.
    15 | D        | Found an ancient bone altar of Kikubaaqudgha.
    15 | D        | Found a corrupted altar of Lugonu.
    26 | D        | Found a burning altar of Makhleb.
    27 | D        | Found a sacrificial altar of Ru.
    27 | D        | Found a stormy altar of Qazlal.
    27 | D        | Found a shimmering blue altar of Sif Muna.
    27 | D        | Found an iron altar of Okawaru.
    27 | D        | Found a bloodstained altar of Trog.
    27 | D        | Found a sparkling altar of Nemelex Xobeh.
    51 | D        | Reached skill level 7 in Maces & Flails
    51 | D        | Reached XP level 2. HP: 29/29 MP: 2/2
    61 | D        | Became a worshipper of Nemelex Xobeh the Trickster
    70 | D        | Entered arena 2.
    70 | D        | Found the +5 Lochaber axe {reach-cleave, Poleaxe Drain}
    70 | D        | Found a transporter.
    73 | D        | Reached skill level 8 in Maces & Flails
    73 | D        | Reached XP level 3. HP: 33/36 MP: 3/3
    84 | D        | Entered arena 3.
    84 | D        | Found the ring of the Tortoise {AC+8}
    84 | D        | Noticed a floating eye
    84 | D        | Reached * piety under Nemelex Xobeh
    84 | D        | Found a transporter.
    86 | D        | Paralysed by a floating eye for 3 turns
    90 | D        | Killed a floating eye
    91 | D        | Reached skill level 11 in Maces & Flails
    91 | D        | Reached XP level 4. HP: 40/44 MP: 4/4
    91 | D        | Reached XP level 5. HP: 46/50 MP: 5/5
   118 | D        | Entered arena 4.
   118 | D        | Received a gift from Nemelex Xobeh
   118 | D        | Found a transporter.
   125 | D        | Reached XP level 6. HP: 35/59 MP: 6/6
   128 | D        | Got the Codex of the Baleful Grave
   205 | D        | Entered arena 5.
   205 | D        | Noticed a floating eye
   205 | D        | Reached ** piety under Nemelex Xobeh
   205 | D        | Found a transporter.
   207 | D        | Reached skill level 12 in Maces & Flails
   207 | D        | Killed a floating eye
   208 | D        | Reached skill level 13 in Maces & Flails
   318 | D        | Entered arena 6.
   318 | D        | Noticed a naga
   318 | D        | Found a transporter.
   322 | D        | Killed a naga
   323 | D        | Reached skill level 14 in Maces & Flails
   323 | D        | Reached XP level 7. HP: 66/66 MP: 7/7
   347 | D        | Got Sif Muna's Collected Works on Oromancy
   351 | D        | Entered arena 7.
   351 | D        | Found the +5 robe of Night {Dark Will+ SInv}
   351 | D        | Noticed a cyclops
   351 | D        | Noticed a merfolk
   351 | D        | Noticed a merfolk
   351 | D        | Noticed a wind drake
   351 | D        | Noticed a merfolk
   351 | D        | Noticed a merfolk
   351 | D        | Received a gift from Nemelex Xobeh
   353 | D        | Reached *** piety under Nemelex Xobeh
   353 | D        | Found a transporter.
   353 | D        | Received a gift from Nemelex Xobeh
   358 | D        | Killed a merfolk
   359 | D        | Reached skill level 15 in Maces & Flails
   359 | D        | Killed a merfolk
   359 | D        | Killed a merfolk
   360 | D        | Reached skill level 16 in Maces & Flails
   360 | D        | Reached XP level 8. HP: 47/74 MP: 8/8
   366 | D        | Killed a merfolk
   367 | D        | Reached skill level 17 in Maces & Flails
   368 | D        | Killed a wind drake
   371 | D        | Killed a cyclops
   372 | D        | Reached skill level 18 in Maces & Flails
   372 | D        | Reached XP level 9. HP: 52/80 MP: 9/9
   375 | D        | Got the ring of Noupheim {rF+ Str+3 Int+2}
   397 | D        | Entered arena 8.
   397 | D        | Noticed a komodo dragon
   397 | D        | Noticed a rime drake
   397 | D        | Noticed a komodo dragon
   399 | D        | Found a transporter.
   401 | D        | Killed a komodo dragon
   405 | D        | Reached skill level 5 in Evocations
   410 | D        | Killed a rime drake
   413 | D        | Killed a komodo dragon
   437 | D        | Got Sif Muna's Exposition on Twinkling Destruction
   442 | D        | Got the ring "Xiap" {Fly rPois rC- rCorr Stlth+}
   447 | D        | Entered arena 9.
   447 | D        | Noticed a draconian
   447 | D        | Noticed a draconian
   447 | D        | Noticed a purple draconian
   447 | D        | Noticed a yellow draconian
   447 | D        | Noticed a draconian
   447 | D        | Noticed a draconian
   447 | D        | Noticed a green draconian
   447 | D        | Received a gift from Nemelex Xobeh
   449 | D        | Found a transporter.
   457 | D        | Killed a yellow draconian
   458 | D        | Reached XP level 10. HP: 8/88 MP: 9/15
   458 | D        | HP: 1/88 [draconian/+0 mace (8)]
   458 | D        | Killed a draconian
   460 | D        | Demolished by a purple draconian

Illustrated notes

Levels and vault maps discovered:
D:        sprint_v [room_start, room_1, room_2, room_3, room_4, room_5, room_6,
          room_7, room_8, room_9, room_10, room_11, room_12, room_13, room_14,
          room_15, room_16, room_17, room_18, room_19, room_20, room_21,
          room_22, room_23, room_24, room_25, room_26, room_27]

Skill      XL: |  1  2  3  4  5  6  7  8  9 10 |
---------------+-------------------------------+-----
Maces & Flails | 7 8 11 14 16 18 | 18.3
Evocations     | 8 |  8.3
Invocations    | 6 8 |  8.9
Fighting       | |  2.6
Throwing       | |  2.0
Dodging        | |  2.6

Action                     |  1- 3 |  4- 6 |  7- 9 | 10-12 || total
---------------------------+-------+-------+-------+-------++-------
  Melee: Great mace        |     5 |     7 |    33 |       ||    45
  Evoke: Condenser vane    |       |     2 |     3 |       ||     5
    Use: Potion            |     1 |       |       |       ||     1
         Scroll            |       |       |     1 |       ||     1
   Stab: Confused          |       |       |     5 |       ||     5
 Armour: Gold dragon scale |    11 |     7 |    18 |     3 ||    39
  Dodge: Dodged            |     3 |       |     4 |       ||     7

Table legend: (Time is in decaauts)
 A = Elapsed time spent in this place.
 B = Non-inter-level travel time spent in this place.
 C = Inter-level travel time spent in this place.
 D = Time resting spent in this place.
 E = Time spent auto-exploring this place.
 F = Levels seen in this place.
 G = Mean time per level.
                   A        B        C        D        E       F      G
               +--------+--------+--------+--------+--------+-----+--------+
         Total |    453 |    453 |      0 |    212 |      0 |   1 |  453.0 |
       Dungeon |    453 |    453 |      0 |    212 |      0 |   1 |  453.0 |
               +--------+--------+--------+--------+--------+-----+--------+

Top non-repeatable levels by time:
       D: 453 daAuts
